AA CENTRAL
NORTHWEST ARKANSAS NATURALS @ CORPUS CHRISTI HOOKS
09/09/2041
 
TOP OF THE 1ST
Northwest Arkansas Naturals batting - Pitching for Corpus Christi Hooks : RHP Shawn Miller
Pitching: RHP Shawn Miller
Batting: LHB Sonny Pouliot 0-0: Called Strike
0-1: Bunted foul
0-2: Ground out 4-3 (Groundball, 34D, EV 100.0 MPH)
Batting: RHB Marlon Whaley 0-0: Called Strike
0-1: Ball
1-1: Ball
2-1: Ball
3-1: Foul Ball, location: 2F
3-2: Foul Ball, location: 9LDF
3-2: SINGLE (Line Drive, 6M, EV 99.4 MPH)
Batting: LHB Rod Truong 0-0: Called Strike
0-1: Foul Ball, location: 2F
0-2: Ball
Marlon Whaley is caught stealing 2nd base 2-6
1-2: Ground out 6-3 (Groundball, 6M, EV 101.3 MPH)
Top of the 1st over - 0 runs, 1 hit, 0 errors, 0 left on base; Northwest Arkansas 0 - Corpus Christi 0
BOTTOM OF THE 1ST
Corpus Christi Hooks batting - Pitching for Northwest Arkansas Naturals : LHP Chris Conley
Pitching: LHP Chris Conley
Batting: RHB Dave King 0-0: Ball
1-0: Swinging Strike
1-1: Ball
2-1: Foul Ball, location: 23FF
2-2: Ball
3-2: Foul Ball, location: 2F
3-2: Strikes out swinging
Batting: RHB Jerry Herring 0-0: Fly out, F9 (Flyball, 9S, EV 93.8 MPH)
Batting: RHB Tony Hernández 0-0: Called Strike
0-1: Ball
1-1: Ground out 6-3 (Groundball, 6MD, EV 100.6 MPH)
Bottom of the 1st over - 0 runs, 0 hits, 0 errors, 0 left on base; Northwest Arkansas 0 - Corpus Christi 0
TOP OF THE 2ND
Northwest Arkansas Naturals batting - Pitching for Corpus Christi Hooks : RHP Shawn Miller
Batting: SHB Jesús Catete 0-0: SINGLE (Groundball, 3D, EV 104.4 MPH)
Batting: LHB Pete Barry 0-0: Ball
1-0: Called Strike
1-1: Fly out, F8 (Flyball, 8LD, EV 105.0 MPH)
Batting: RHB Gil Reynolds 0-0: Grounds into double play, 6-4-3 (Groundball, 6, EV 81.9 MPH)
Top of the 2nd over - 0 runs, 1 hit, 0 errors, 0 left on base; Northwest Arkansas 0 - Corpus Christi 0
BOTTOM OF THE 2ND
Corpus Christi Hooks batting - Pitching for Northwest Arkansas Naturals : LHP Chris Conley
Batting: RHB Bernardo Bello 0-0: Ball
1-0: Swinging Strike
1-1: Foul Ball, location: 25F
1-2: Strikes out swinging, 2-3 out at first.
Batting: LHB Cliff Hammock 0-0: Ball
1-0: Swinging Strike
1-1: Ball
2-1: Foul Ball, location: 2F
2-2: Ball
3-2: Fly out, F8 (Flyball, 8LXD, EV 89.4 MPH)
Batting: LHB Josh Brown 0-0: Foul Ball, location: 5FF
0-1: Ball
1-1: Called Strike
1-2: Ball
2-2: Ground out 6-3 (Groundball, 6MD, EV 78.1 MPH)
Bottom of the 2nd over - 0 runs, 0 hits, 0 errors, 0 left on base; Northwest Arkansas 0 - Corpus Christi 0
TOP OF THE 3RD
Northwest Arkansas Naturals batting - Pitching for Corpus Christi Hooks : RHP Shawn Miller
Batting: RHB Luis Serrano 0-0: Ball
1-0: Ball
2-0: Ball
3-0: Base on Balls
Batting: LHB Kevin Gray 0-0: Called Strike
0-1: Sac Bunt to 15 - play at first, batter OUT! 1-3
Luis Serrano to second
Batting: RHB Steve Thomason 0-0: Swinging Strike
0-1: Called Strike
0-2: Strikes out swinging
Batting: LHB Sonny Pouliot 0-0: Ball
1-0: Fly out, F7 (Flyball, 78S, EV 87.5 MPH)
Top of the 3rd over - 0 runs, 0 hits, 0 errors, 1 left on base; Northwest Arkansas 0 - Corpus Christi 0
BOTTOM OF THE 3RD
Corpus Christi Hooks batting - Pitching for Northwest Arkansas Naturals : LHP Chris Conley
Batting: SHB Pjotr de Zeeuw 0-0: Called Strike
0-1: Foul Ball, location: 3SF
0-2: Ball
1-2: Ball
2-2: Foul Ball, location: 5F
2-2: Foul Ball, location: 2F
2-2: Strikes out swinging
Batting: RHB Eric Durán 0-0: Swinging Strike
0-1: Swinging Strike
0-2: Foul Ball, location: 5SF
0-2: Ball
1-2: Strikes out swinging
Batting: RHB Robinson Sandoval 0-0: Fly out, F8 (Flyball, 8LD, EV 92.5 MPH)
Bottom of the 3rd over - 0 runs, 0 hits, 0 errors, 0 left on base; Northwest Arkansas 0 - Corpus Christi 0
TOP OF THE 4TH
Northwest Arkansas Naturals batting - Pitching for Corpus Christi Hooks : RHP Shawn Miller
Batting: RHB Marlon Whaley 0-0: Ball
1-0: Ball
2-0: Called Strike
2-1: Called Strike
2-2: Ball
3-2: Foul Ball, location: 2F
3-2: Strikes out swinging
Batting: LHB Rod Truong 0-0: Called Strike
0-1: Ball
1-1: Foul Ball, location: 5F
1-2: Foul Ball, location: 5FF
1-2: Ball
2-2: Ball
3-2: SINGLE (Groundball, 6MD, EV 106.9 MPH)
Batting: SHB Jesús Catete 0-0: Ball
1-0: Grounds into double play, 4-6-3 (Groundball, 34, EV 82.5 MPH)
Top of the 4th over - 0 runs, 1 hit, 0 errors, 0 left on base; Northwest Arkansas 0 - Corpus Christi 0
BOTTOM OF THE 4TH
Corpus Christi Hooks batting - Pitching for Northwest Arkansas Naturals : LHP Chris Conley
Batting: RHB Dave King 0-0: Swinging Strike
0-1: Fly out, F8 (Flyball, 8RD, EV 92.5 MPH)
Batting: RHB Jerry Herring 0-0: Called Strike
0-1: Foul Ball, location: 25F
0-2: Ball
1-2: Foul Ball, location: 3DF
1-2: Ball
2-2: Strikes out swinging
Batting: RHB Tony Hernández 0-0: Called Strike
0-1: Swinging Strike
0-2: Ball
1-2: Foul Ball, location: 5DF
1-2: Strikes out looking
Bottom of the 4th over - 0 runs, 0 hits, 0 errors, 0 left on base; Northwest Arkansas 0 - Corpus Christi 0
TOP OF THE 5TH
Northwest Arkansas Naturals batting - Pitching for Corpus Christi Hooks : RHP Shawn Miller
Batting: LHB Pete Barry 0-0: Ball
1-0: Foul Ball, location: 2RF
1-1: Ball
2-1: Foul Ball, location: 7LMF
2-2: Foul Ball, location: 7LMFF
2-2: Foul Ball, location: 25F
2-2: Ball
3-2: Base on Balls
Batting: RHB Gil Reynolds 0-0: Ball
1-0: Foul Ball, location: 2F
1-1: SINGLE (Line Drive, 6M, EV 101.9 MPH)
Pete Barry to second
Batting: RHB Luis Serrano 0-0: Called Strike
0-1: Swinging Strike
0-2: Strikes out swinging
Batting: LHB Kevin Gray 0-0: Ball
1-0: Called Strike
1-1: Ball
2-1: Ball
3-1: Base on Balls
Pete Barry to third
Gil Reynolds to second
Batting: RHB Steve Thomason 0-0: Ball
1-0: Ball
2-0: Ball
3-0: Base on Balls
Pete Barry scores
Gil Reynolds to third
Kevin Gray to second
Batting: LHB Sonny Pouliot 0-0: Called Strike
0-1: Ball
1-1: Swinging Strike
1-2: Ball
2-2: Ball
3-2: Strikes out swinging
Batting: RHB Marlon Whaley 0-0: Ball
1-0: Ball
2-0: Ball
3-0: Base on Balls
Gil Reynolds scores
Kevin Gray to third
Steve Thomason to second
Batting: LHB Rod Truong 0-0: Swinging Strike
0-1: Called Strike
0-2: Ball
1-2: Ball
2-2: DOUBLE (Line Drive, 89D, EV 110.0 MPH)
Kevin Gray scores
Steve Thomason scores
Marlon Whaley to third
Runner from 3rd tries for Home, SAFE, no throw by RF
Pitching: RHP Ken Daniel
Batting: SHB Jesús Catete 0-0: Foul Ball, location: 3FF
0-1: Ball
1-1: Ball
Wild Pitch!
Rod Truong to third
2-1: Called Strike
2-2: Foul Ball, location: 2LF
2-2: Ball
3-2: Foul Ball, location: 9LSFF
3-2: 2-RUN HOME RUN (Flyball, 8LXD, EV 103.1 MPH), Distance : 435 ft
Batting: LHB Pete Barry 0-0: Swinging Strike
0-1: Ball
1-1: SOLO HOME RUN (Flyball, 89XD, EV 106.3 MPH), Distance : 430 ft
Batting: RHB Gil Reynolds 0-0: Ground out 5-3 (Groundball, 5, EV 107.5 MPH)
Top of the 5th over - 8 runs, 4 hits, 0 errors, 0 left on base; Northwest Arkansas 8 - Corpus Christi 0
BOTTOM OF THE 5TH
Corpus Christi Hooks batting - Pitching for Northwest Arkansas Naturals : LHP Chris Conley
Batting: RHB Bernardo Bello 0-0: Ball
1-0: Called Strike
1-1: Ball
2-1: Ball
3-1: Ground out 4-3 (Groundball, 4, EV 83.8 MPH)
Batting: LHB Cliff Hammock 0-0: Ground out 4-3 (Groundball, 4S, EV 81.9 MPH)
Batting: LHB Josh Brown 0-0: Fly out, F8 (Flyball, 78D, EV 106.3 MPH)
Bottom of the 5th over - 0 runs, 0 hits, 0 errors, 0 left on base; Northwest Arkansas 8 - Corpus Christi 0
TOP OF THE 6TH
Northwest Arkansas Naturals batting - Pitching for Corpus Christi Hooks : RHP Ken Daniel
Batting: RHB Luis Serrano 0-0: Called Strike
0-1: Swinging Strike
0-2: Foul Ball, location: 2F
0-2: Strikes out swinging
Batting: LHB Kevin Gray 0-0: Ball
1-0: Ball
2-0: Foul Ball, location: 7LSF
2-1: Foul Ball, location: 2F
2-2: Ball
3-2: Foul Ball, location: 2F
3-2: TRIPLE (Flyball, 78XD, EV 105.6 MPH)
Batting: RHB Steve Thomason 0-0: Ball
1-0: Ball
2-0: Ball
3-0: Base on Balls
Batting: LHB Sonny Pouliot 0-0: Called Strike
0-1: Ball
1-1: Fly out, F8 (Flyball, 8LXD, EV 82.5 MPH)
Runner from 3rd tags up, SCORES, no throw by CF
Batting: RHB Marlon Whaley 0-0: Ground out 4-3 (Groundball, 4, EV 86.3 MPH)
Top of the 6th over - 1 run, 1 hit, 0 errors, 1 left on base; Northwest Arkansas 9 - Corpus Christi 0
BOTTOM OF THE 6TH
Corpus Christi Hooks batting - Pitching for Northwest Arkansas Naturals : LHP Chris Conley
Batting: SHB Pjotr de Zeeuw 0-0: Swinging Strike
0-1: Ground out 4-3 (Groundball, 4, EV 101.3 MPH)
Batting: RHB Eric Durán 0-0: Foul Ball, location: 3F
0-1: Foul Ball, location: 2F
0-2: Ball
1-2: Fly out, F9 (Flyball, 89M, EV 95.6 MPH)
Batting: RHB Robinson Sandoval 0-0: Ground out 4-3 (Groundball, 34, EV 93.1 MPH)
Bottom of the 6th over - 0 runs, 0 hits, 0 errors, 0 left on base; Northwest Arkansas 9 - Corpus Christi 0
TOP OF THE 7TH
Northwest Arkansas Naturals batting - Pitching for Corpus Christi Hooks : RHP Ken Daniel
Batting: LHB Rod Truong 0-0: Ball
1-0: Ball
2-0: Called Strike
2-1: Called Strike
2-2: Ball
3-2: Strikes out swinging
Batting: SHB Jesús Catete 0-0: Ball
1-0: Fly out, F9 (Flyball, 9, EV 89.4 MPH)
Batting: LHB Pete Barry 0-0: Called Strike
0-1: Foul Ball, location: 25F
0-2: Ball
1-2: SOLO HOME RUN (Flyball, 9LD, EV 91.3 MPH), Distance : 329 ft
Batting: RHB Gil Reynolds 0-0: Called Strike
0-1: Foul Ball, location: 23F
0-2: Strikes out swinging
Top of the 7th over - 1 run, 1 hit, 0 errors, 0 left on base; Northwest Arkansas 10 - Corpus Christi 0
BOTTOM OF THE 7TH
Corpus Christi Hooks batting - Pitching for Northwest Arkansas Naturals : LHP Chris Conley
Pinch Hitting: RHB Leo Bare 0-0: Ball
1-0: Ball
2-0: Ball
3-0: Called Strike
3-1: Base on Balls
Batting: RHB Jerry Herring 0-0: Called Strike
0-1: Ball
1-1: Fly out, F6 (Popup, P, EV 82.5 MPH)
Batting: RHB Tony Hernández 0-0: Ball
1-0: Fly out, F2 (Popup, 23F, EV 90.0 MPH)
Batting: RHB Bernardo Bello 0-0: Ball
1-0: Foul Ball, location: 9LMF
1-1: Ball
2-1: SINGLE (Line Drive, 78S, EV 99.4 MPH)
Leo Bare to second
Batting: LHB Cliff Hammock 0-0: Ball
1-0: Ball
2-0: Ball
3-0: Base on Balls
Leo Bare to third
Bernardo Bello to second
Batting: LHB Josh Brown 0-0: Ball
1-0: Swinging Strike
1-1: Foul Ball, location: 7LSF
1-2: Ball
2-2: Foul Ball, location: 7LMFF
2-2: Ball
3-2: TRIPLE (Flyball, 78XD, EV 98.1 MPH)
Leo Bare scores
Bernardo Bello scores
Cliff Hammock scores
Batting: SHB Pjotr de Zeeuw 0-0: Foul Ball, location: 3FF
0-1: Ball
1-1: Ball
2-1: Foul Ball, location: 3F
2-2: Foul Ball, location: 9LMFF
2-2: Foul Ball, location: 25F
2-2: Foul Ball, location: 2F
2-2: Ground out 6-3 (Groundball, 6, EV 85.6 MPH)
Bottom of the 7th over - 3 runs, 2 hits, 0 errors, 1 left on base; Northwest Arkansas 10 - Corpus Christi 3
TOP OF THE 8TH
Northwest Arkansas Naturals batting - Pitching for Corpus Christi Hooks : RHP Ken Daniel
Now in RF: Leo Bare
Batting: RHB Luis Serrano 0-0: Foul Ball, location: 25F
0-1: Ball
1-1: Ball
2-1: DOUBLE (Flyball, 8RXD, EV 105.0 MPH)
Pinch Hitting: RHB Phil Roberts 0-0: Called Strike
0-1: Ball
1-1: Ball
2-1: Ball
3-1: Base on Balls
Batting: RHB Steve Thomason 0-0: Ball
1-0: Fielders Choice at 2nd, 2-6 (Groundball, 2R, EV 73.1 MPH)
Luis Serrano to third
Batting: LHB Sonny Pouliot 0-0: Called Strike
0-1: Ball
1-1: Fly out, F9 (Flyball, 9D, EV 96.9 MPH)
Runner from 3rd tags up, OUT at HOME! 9-2
Top of the 8th over - 0 runs, 1 hit, 0 errors, 1 left on base; Northwest Arkansas 10 - Corpus Christi 3
BOTTOM OF THE 8TH
Corpus Christi Hooks batting - Pitching for Northwest Arkansas Naturals : LHP Chris Conley
Now at 1B: Phil Roberts
Batting: RHB Eric Durán 0-0: Foul Ball, location: 2F
0-1: Ball
1-1: Swinging Strike
1-2: Ball
2-2: Strikes out swinging
Pinch Hitting: RHB Jorge Guzmán 0-0: Swinging Strike
0-1: Foul Ball, location: 9LMF
0-2: Strikes out looking
Batting: RHB Leo Bare 0-0: Ball
1-0: Called Strike
1-1: Swinging Strike
1-2: Strikes out looking
Bottom of the 8th over - 0 runs, 0 hits, 0 errors, 0 left on base; Northwest Arkansas 10 - Corpus Christi 3
TOP OF THE 9TH
Northwest Arkansas Naturals batting - Pitching for Corpus Christi Hooks : RHP Ken Daniel
Now at 2B: Jorge Guzmán
Now at SS: Eric Durán
Batting: RHB Marlon Whaley 0-0: Swinging Strike
0-1: Ball
1-1: Ball
2-1: Ball
3-1: Base on Balls
Batting: LHB Rod Truong 0-0: Ball
1-0: Ball
2-0: Ball
3-0: Called Strike
3-1: Base on Balls
Marlon Whaley to second
Pitching: RHP José Sotelo
Batting: SHB Jesús Catete 0-0: Ball
Wild Pitch!
Marlon Whaley to third
Rod Truong to second
1-0: Ball
2-0: Called Strike
2-1: Ball
3-1: Swinging Strike
3-2: Strikes out swinging
Batting: LHB Pete Barry 0-0: Called Strike
0-1: Ball
1-1: Ball
2-1: Called Strike
2-2: Foul Ball, location: 7LSF
2-2: Ball
3-2: Strikes out swinging
Batting: RHB Gil Reynolds 0-0: Called Strike
0-1: Ball
1-1: Ball
2-1: Ball
3-1: Base on Balls
Pinch Hitting: LHB António Garduno 0-0: Ball
1-0: Ball
2-0: Foul Ball, location: 25F
2-1: Ball
3-1: Ground out U3 (Groundball, 3, EV 106.3 MPH)
Top of the 9th over - 0 runs, 0 hits, 0 errors, 3 left on base; Northwest Arkansas 10 - Corpus Christi 3
BOTTOM OF THE 9TH
Corpus Christi Hooks batting - Pitching for Northwest Arkansas Naturals : LHP Chris Conley
Pitching: RHP Chris Sellers
Now in CF: José Sánchez
Batting: RHB Jerry Herring 0-0: DOUBLE (Line Drive, 7LM, EV 105.6 MPH)
Batting: RHB Tony Hernández 0-0: Ball
1-0: Ball
2-0: Called Strike
2-1: Ground out 5-3 (Groundball, 5L, EV 90.0 MPH)
Pinch Hitting: SHB Ismael Gonzáles 0-0: Ball
1-0: Foul Ball, location: 2F
1-1: Ball
2-1: Fly out, F7 (Line Drive, 7, EV 90.0 MPH)
Batting: LHB Cliff Hammock 0-0: Ball
1-0: Ball
2-0: Foul Ball, location: 5DF
2-1: Called Strike
2-2: Ball
3-2: Foul Ball, location: 2F
3-2: Strikes out swinging
Bottom of the 9th over - 0 runs, 1 hit, 0 errors, 1 left on base; Northwest Arkansas 10 - Corpus Christi 3
Monday, April 1st , 2024 - OOTP Baseball 24.10 Build 82